cohdb
Replays
Latest Replays
All Replays
Popular Replays
Top Player Replays
Match Explorer
How It Works
Community
CoH3 Stats
Reddit
Sign in to upload your games and track your stats! →
Sign in with Steam
Match 45106943
Unlisted
Match 45106943
Overview
Messages
Build Orders
End
Construct Barracks
Riflemen Squad
Selects Heavy Weapons
Riflemen Squad
M1 Mortar Team
Construct Weapon Support Center
M1919 Machine Gun Team
Selects Assault Carriers
Infantry Support Center
M3 Assault Carrier
Construct Medical Station
Grenade Package
Selects Exchangeable Parts
M1919 Machine Gun Team
M1918 Browning Automatic Rifles
Engineer Squad
.30 cal Machine Gun
Sniper
Construct Motor Pool
M24 Chaffee Light Tank
GL1TCH
Nubbl0r
0
0
Comments
sign in to comment!
No comments posted yet!